 Dungeon Crawl Stone Soup version 0.23-a0-650-ga4d50d4 (webtiles) character file.

83 zishaf the Sneak (level 4, -1/24 HPs)
             Began as a Vine Stalker Assassin on Jan 5, 2019.
             Slain by a centaur (5 damage)
             ... on level 3 of the Dungeon.
             The game lasted 00:03:04 (2119 turns).

zishaf the Sneak (Vine Stalker Assassin)            Turns: 2119, Time: 00:03:05

Health: -1/24      AC:  7    Str: 15    XL:     4   Next: 44%
Magic:  0/5        EV: 10    Int: 11    God:
Gold:   225        SH:  0    Dex: 15    Spells: 3/3 levels left

rFire    . . .     SeeInvis .   a - +2 dagger
rCold    . . .     Gourm    .   (no shield)
rNeg     . . .     Faith    .   c - +0 ring mail (curse)
rPois    .         Spirit   +   (no helmet)
rElec    .         Reflect  .   d - +0 cloak
rCorr    .         Harm     .   y - +0 pair of gloves
MR       .....                  (no boots)
Stlth    ++........             (no amulet)
HPRegen  0.48/turn              (no ring)
MPRegen  0.09/turn              (no ring)

@: no status effects
A: fangs 2, regeneration 1, magic shield, antimagic bite, no potion heal 3, rot
immunity
a: no special abilities


You were on level 3 of the Dungeon.
You were not hungry.

You visited 1 branch of the dungeon, and saw 3 of its levels.

You collected 225 gold pieces.

Inventory:

Hand Weapons
 a - a +2 dagger (weapon)
 b - a +0 hunting sling
 w - a +0 blowgun
Missiles
 e - 8 poisoned needles
 f - 2 curare-tipped needles
 q - 79 stones (quivered)
Armour
 c - a cursed +0 ring mail (worn)
 d - a +0 cloak (worn)
 y - a +0 pair of gloves (worn)
 B - a +0 chain mail
Scrolls
 h - 3 scrolls of blinking {unknown}
 i - 2 scrolls of enchant armour {unknown}
 k - 2 scrolls of remove curse {unknown}
 m - a scroll of immolation {unknown}
 n - a scroll of magic mapping {unknown}
 o - 2 scrolls of enchant weapon {unknown}
 s - a scroll of teleportation {unknown}
 u - 3 scrolls of identify {unknown}
 z - a scroll of random uselessness {unknown}
 A - a scroll of fog {unknown}
Potions
 j - 3 potions of curing {unknown}
 l - a potion of lignification {unknown}
 p - a potion of brilliance {unknown}
 r - a potion of heal wounds {unknown}
 t - a potion of might {unknown}
 v - a potion of ambrosia {unknown}
Comestibles
 g - 7 rations
 x - 4 chunks of flesh


   Skills:
 + Level 3.1 Fighting
 + Level 3.0 Short Blades
 - Level 1.7 Throwing
 + Level 0.0 Armour
 + Level 0.8 Dodging
 - Level 5.0 Stealth


You had 3 spell levels left.
You didn't know any spells.
Your spell library was empty.

Dungeon Overview and Level Annotations

Branches:
Dungeon (3/15)

Altars:
Nemelex Xobeh


Innate Abilities, Weirdness & Mutations

You have extremely sharp teeth.
Your natural rate of healing is unusually fast.
When hurt, damage is shared between your health and your magic reserves.
Your bite disrupts and absorbs the magic of your enemies.
Potions cannot restore your health.
You are immune to rotting.


Message History

The centaur is heavily wounded.
The centaur hits you but does no damage.
The centaur hits you.
* * * LOW HITPOINT WARNING * * *
You closely miss the centaur. You bite the centaur, but do no damage.
The centaur is heavily wounded.
The centaur hits you but does no damage.
You hit the centaur. Your bite misses the centaur.
The centaur is severely wounded.
The centaur hits you but does no damage.
You hit the centaur but do no damage. You bite the centaur, but do no damage.
The centaur is severely wounded.
The centaur hits you.
* * * LOW HITPOINT WARNING * * *
You hit the centaur. Your bite misses the centaur.
The centaur is almost dead.
The centaur hits you.
* * * LOW HITPOINT WARNING * * *
The centaur hits you.
You die...

#.# ##.......#####
..# #..÷....#...##
.## ##...........##
.. ###............#
##
................#
####.........÷..# .
..............##
....####..#.......#
#.....@((.......#
#######c#.......#
#.#(.....##
#...#...##
.....######
#......# c.##.#.. .
#.#.. # ..


You could see a centaur.

Vanquished Creatures
  An adder (D:2)
  2 oozes
  4 worms
  4 orcs (D:2)
  2 ball pythons
  5 bats
  4 giant cockroaches
  6 goblins
  6 hobgoblins
  5 kobolds
  3 frilled lizards (D:2)
  7 rats
49 creatures vanquished.

Notes
Turn   | Place    | Note
-------+----------+-------------------------------------------
     0 | D:1      | zishaf the Vine Stalker Assassin began the quest for the
                  | Orb.
     0 | D:1      | Reached XP level 1. HP: 11/11 MP: 2/2
   135 | D:1      | Reached skill level 5 in Stealth
   217 | D:1      | Reached XP level 2. HP: 4/15 MP: 0/3
   640 | D:1      | Reached XP level 3. HP: 12/19 MP: 2/4
  1569 | D:2      | Found a sparkling altar of Nemelex Xobeh.
  1579 | D:2      | Gained mutation: Your natural rate of healing is unusually
                  | fast. [Vine Stalker growth]
  1579 | D:2      | Reached XP level 4. HP: 23/23 MP: 5/5
  2101 | D:3      | Noticed a centaur
  2119 | D:3      | Slain by a centaur

Vault maps used:
D:1:      onia_arrival_mini_maze
D:2:      nemelex_xobeh_ov_fountains_minmay, first_ration
D:3:      fiery_altar_vehumet, okawaru_gym_becter,
          chequers_ecumenical_altar_simple

Skill      XL: |  1  2  3  4 |
---------------+-------------+-----
Stealth        | 5 |  5.0
Fighting       | 2 3 |  3.1
Short Blades   | 2 3 |  3.0
Throwing       | |  1.7
Dodging        | |  0.8

Action                   |  1- 3 |  4- 6 || total
-------------------------+-------+-------++-------
Melee: Dagger            |    66 |    14 ||    80
       Bite              |    11 |     5 ||    16
 Fire: Hunting sling     |    50 |    34 ||    84
 Stab: Sleeping          |     3 |       ||     3
  Eat: Chunk             |     2 |     2 ||     4
Armor: Robe              |    10 |       ||    10
       Ring mail         |       |     5 ||     5
       Chain mail        |       |     3 ||     3
Dodge: Dodged            |    32 |     3 ||    35

Table legend:
 A = Non-vault XP
 B = Vault XP
 C = Vault XP percentage of total XP
 D = Non-vault monster count
 E = Vault monster count
 F = Vault count percentage of total count
                 A         B        C        D         E       F
            +---------+---------+-------+---------+---------+-------
      Total |     118 |       1 |   0.8 |      48 |       1 |   2.0
            +---------+---------+-------+---------+---------+-------
        D:1 |      42 |       1 |   2.3 |      22 |       1 |   4.3
        D:2 |      66 |       0 |   0.0 |      22 |       0 |   0.0
        D:3 |      10 |       0 |   0.0 |       4 |       0 |   0.0
            +---------+---------+-------+---------+---------+-------
